 Dungeon Sprint DCSS version 0.22-a0-265-g0d8bc90 (webtiles) character file.

46097 Ghella the Ninja (level 13, -1/84 HPs)
             Began as a Spriggan Enchanter on Mar 7, 2018.
             Was the Champion of Dithmenos.
             Slain by an azure jelly (42 damage)
             ... in the Dungeon (Sprint III: "The Ten Rune Challenge").
             The game lasted 00:24:53 (5112 turns).

Ghella the Ninja (Spriggan Enchanter)               Turns: 5112, Time: 00:24:55

Health: -1/84      AC:  5    Str:  9    XL:     13   Next: 34%
Magic:  35/38      EV: 18    Int: 21    God:    Dithmenos [******]
Gold:   38         SH:  0    Dex: 17    Spells: 29/52 levels left

rFire    . . .     SeeInvis +   u - +2 dagger (venom)
rCold    . . .     Gourm    .   (shield restricted)
rNeg     . . .     Faith    .   b - +0 robe
rPois    .         Spirit   .   y - +1 hat {MR+}
rElec    .         Reflect  .   i - +1 cloak
rCorr    .         Harm     .   (gloves unavailable)
MR       +++..     NoTele   +   (boots unavailable)
Stlth    ..........             (no amulet)
HPRegen  0.24/turn              (no ring)
MPRegen  0.26/turn              (no ring)

@: berserking, wreathed by umbra, very quick
A: very small, unfitting armour, see invisible, herbivore, speed 3, slow
metabolism 2
}: 1/10 runes: barnacled
a: Shadow Step, Shadow Form, Renounce Religion


You were in the Dungeon.
You worshipped Dithmenos.
Dithmenos was exalted by your worship.
You were not hungry.

You visited 1 branch You collected 38 gold pieces.

Inventory:

Hand Weapons
 a - a +1 dagger
 j - a +0 blowgun
 u - a +2 dagger of venom (weapon)
Missiles
 t - 7 curare-tipped needles
 v - 10 needles of frenzy
Armour
 b - a +0 robe (worn)
 i - a +1 cloak (worn)
 y - a +1 hat of magic resistance (worn)
Wands
 r - a wand of enslavement (7)
Scrolls
 n - 3 scrolls of remove curse
 p - 2 scrolls of identify
Potions
 c - a potion of brilliance {unknown}
 e - a potion of curing
 g - 3 potions of haste
 h - 2 potions of magic
 k - 5 potions of mutation
 q - 2 potions of flight
 x - a potion of lignification {unknown}
 z - 2 potions of ambrosia {unknown}
Miscellaneous
 s - a sack of spiders
Comestibles
 d - 13 rations


   Skills:
 - Level 0.8 Fighting
 - Level 1.1 Short Blades
 - Level 3.0 Dodging
 O Level 27 Stealth
 + Level 20.0 Spellcasting
 + Level 20.2 Hexes
 + Level 12.7 Ice Magic
 + Level 7.1 Invocations


You had 29 spell levels left.
You knew the following spells:

 Your Spells              Type           Power        Failure   Level  Hunger
a - Corona                Hex            #######      0%          1    None
b - Ensorcelled Hibernat  Hex/Ice        ######       0%          2    None
c - Confuse               Hex            #######.     0%          3    None
d - Metabolic Englaciati  Hex/Ice        ######....   1%          5    None
e - Yara's Violent Unrav  Hex/Tmut       ######....   1%          5    None
f - Gell's Gravitas       Tloc           ###.......   7%          3    None
g - Petrify               Tmut/Erth      ###.....     22%         4    None


Dungeon Overview and Level Annotations

Branches:
Dungeon (1/1)

Altars:
Cheibriados
Dithmenos
Elyvilon
Fedhas
Gozag
Hepliaklqana
Kikubaaqudgha
Makhleb
Nemelex Xobeh
Okawaru
Qazlal
Ru
Sif Muna
Trog
Uskayaw
Vehumet
Wu Jian
Xom
Yredelemnul
Zin
The Shining One
Beogh
Jiyva
Lugonu

Shops:
D }![:[!

Annotations:
D exclusion: obsidian statue


Innate Abilities, Weirdness & Mutations

You are very small and have problems with some larger weapons.
You are too small for most types of armour.
You have supernaturally acute eyesight. (SInv)
You are a herbivore.
You cover ground extremely quickly.
You need to consume almost no food.


Message History

Confirm with . or Enter, or press ? or * to list all spells.
Aiming: Gell's Gravitas (safe; 7% risk of failure)
Press: ? - help, Dir - move target cursor, f - azure jelly
Aim: an azure jelly (umbra)
You can't see any item there.
Gravity reorients around the azure jelly.
Okay, then.
You feel much better. The azure jelly barely misses you.
The azure jelly hits you but does no damage.
The azure jelly hits you.
The azure jelly hits you but does no damage.
Okay, then.
A red film seems to cover your vision as you go berserk!
You feel yourself moving faster!
You feel mighty! The azure jelly barely misses you.
The azure jelly hits you but does no damage.
The azure jelly barely misses you. The azure jelly hits you!
The azure jelly hits you. The azure jelly freezes you!!!
Ouch! That really hurt!
You die...

▓...'≈≈§§≈§≈≈≈♣♣.....♣♣♣♣≈≈≈.
▓...#≈≈≈§§§.≈≈♣♣.≈≈≈≈'♣♣'♣≈≈≈
▓.P.#≈≈≈§§§≈≈≈.'.....#.≈♣♣♣♣♣
▓...#≈.§§§≈≈.≈♣♣♣♣♣♣♣#..♣♣
▓..[#≈≈≈§§≈§≈≈♣ ###'♣♣♣♣
▓##.####'#######♣ ♣♣♣♣.##..
▓...........J...♣♣ ♣...##.##
▓#'#############.♣ ♣♣.##.##.
▓...#≈.....J@J...♣ ♣..#.##.
▓...+≈≈...########♣♣ ♣♣.##.##
▓...#≈≈≈...........♣ ♣♣.##.##
▓...#≈≈≈≈..........♣ ♣.....##
#+#############'#### ########
##§## #.♣♣ ▓ ##§# #♣.♣ ▓
#§§.....# ♣.♣♣ ▓ §.§§.....
♣♣.♣ ▓


You could see 2 azure jellies.

Vanquished Creatures
  Sigmund (D)
  Rupert (D)
  Gastronok (D)
  Polyphemus (D)
  Ilsuiw (D)
  An azure jelly (D)
  2 dire elephants (D)
  Snorg (D)
  A merfolk javelineer (D)
  2 hydras (D)
  A centaur warrior (D)
  4 death yaks (D)
  Urug (D)
  A sea snake (D)
  A spriggan druid (D)
  3 death drakes (D)
  An unseen horror (D)
  A deep elf mage (D)
  A lindwurm (D)
  2 black mambas (D)
  2 elephants (D)
  Edmund (D)
  A komodo dragon (D)
  A rime drake (D)
  2 spiny frogs (D)
  3 wandering mushrooms (D)
  A queen bee (D)
  2 tyrant leeches (D)
  An orc high priest (D)
  8 blink frogs (D)
  3 dream sheep (D)
  2 spriggans (D)
  A shadow (D)
  3 redbacks (D)
  A spatial vortex (D)
  A swamp drake (D)
  A necrophage (D)
  A swamp dragon skeleton (D)
  2 centaurs (D)
  An earth elemental (D)
  A water elemental (D)
  32 killer bees (D)
  An electric eel (D)
  A jelly (D)
  3 orc priests (D)
  Crazy Yiuf (D)
  A wizard (D)
  A necromancer (D)
  3 humans (D)
  A kobold demonologist (D)
  2 oozes (D)
  2 rats (D)
  2 plants (D)
117 creatures vanquished.

Vanquished Creatures (others)
  2 draconian scorchers (D)
  6 hellions (D)
  A yaktaur (D)
  12 plants (D)
21 creatures vanquished.

Grand Total: 138 creatures vanquished

Notes
Turn   | Place    | Note
-------+----------+-------------------------------------------
     0 | D        | Ghella the Spriggan Enchanter began the quest for the Orb.
     0 | D        | Reached XP level 1. HP: 9/9 MP: 5/5
     4 | D        | Reached skill level 6 in Stealth
    12 | D        | Reached skill level 8 in Stealth
    12 | D        | Reached XP level 2. HP: 12/13 MP: 6/6
    27 | D        | Killed a yaktaur
    73 | D        | Learned a level 2 spell: Ensorcelled Hibernation
   101 | D        | Reached skill level 10 in Stealth
   101 | D        | Reached XP level 3. HP: 5/17 MP: 1/8
   112 | D        | Killed a hellion
   120 | D        | Killed a hellion
   151 | D        | Killed a hellion
   198 | D        | Killed a hellion
   205 | D        | Killed a white draconian scorcher
   208 | D        | Killed a hellion
   208 | D        | Killed a hellion
   262 | D        | Learned a level 3 spell: Confuse
   266 | D        | Killed a white draconian scorcher
   315 | D        | Noticed Crazy Yiuf
   325 | D        | Killed Crazy Yiuf
   325 | D        | Reached skill level 11 in Stealth
   431 | D        | Noticed a water elemental
   434 | D        | Killed a water elemental
   434 | D        | Reached skill level 13 in Stealth
   434 | D        | Reached skill level 1 in Ice Magic
   434 | D        | Reached XP level 4. HP: 21/21 MP: 10/10
   440 | D        | Found a glowing silver altar of Zin.
   440 | D        | Found a glowing golden altar of the Shining One.
   440 | D        | Found a white marble altar of Elyvilon.
   441 | D        | Noticed a deep elf mage
   443 | D        | Killed a deep elf mage
   443 | D        | Reached skill level 18 in Stealth
   443 | D        | Reached XP level 5. HP: 25/25 MP: 10/14
   443 | D        | Reached XP level 6. HP: 29/29 MP: 11/16
   443 | D        | Reached XP level 7. HP: 32/32 MP: 11/17
   487 | D        | Found a hide-covered altar of Uskayaw.
   487 | D        | Found a roughly hewn altar of Beogh.
   487 | D        | Found an iron altar of Okawaru.
   487 | D        | Found a bloodstained altar of Trog.
   487 | D        | Found an ornate altar of the Wu Jian Council.
   487 | D        | Noticed a human
   488 | D        | Noticed a human
   553 | D        | Killed a human
   564 | D        | Killed a human
   564 | D        | Reached skill level 19 in Stealth
   754 | D        | Found a basalt altar of Yredelemnul.
   754 | D        | Found a shadowy altar of Dithmenos.
   754 | D        | Found a sacrificial altar of Ru.
   762 | D        | Became a worshipper of Dithmenos the Shadowed
   774 | D        | Found a radiant altar of Vehumet.
   774 | D        | Found a deep blue altar of Sif Muna.
   774 | D        | Found an ancient bone altar of Kikubaaqudgha.
   799 | D        | Noticed a shadow
   813 | D        | Killed a shadow
   813 | D        | Reached * piety under Dithmenos
   813 | D        | Reached skill level 20 in Stealth
   813 | D        | Reached XP level 8. HP: 37/37 MP: 12/20
   924 | D        | Found a blossoming altar of Fedhas.
   924 | D        | Found a stormy altar of Qazlal.
   924 | D        | Found a snail-covered altar of Cheibriados.
   924 | D        | Found a burning altar of Makhleb.
   924 | D        | Found a shimmering altar of Xom.
   925 | D        | Found a hazy altar of Hepliaklqana.
   925 | D        | Found an opulent altar of Gozag.
   925 | D        | Found a sparkling altar of Nemelex Xobeh.
   925 | D        | Found a corrupted altar of Lugonu.
   925 | D        | Found a viscous altar of Jiyva.
   965 | D        | Noticed Snorg
   968 | D        | Killed Snorg
   968 | D        | Reached ** piety under Dithmenos
   968 | D        | Reached skill level 22 in Stealth
   968 | D        | Reached skill level 10 in Hexes
   968 | D        | Reached XP level 9. HP: 40/40 MP: 21/23
   989 | D        | Noticed a centaur warrior
   993 | D        | Killed a centaur warrior
   993 | D        | Reached skill level 24 in Stealth
   994 | D        | Reached skill level 10 in Spellcasting
  1009 | D        | Noticed an unseen horror
  1011 | D        | Killed an unseen horror
  1011 | D        | Reached *** piety under Dithmenos
  1030 | D        | Noticed a wandering mushroom
  1034 | D        | Noticed Sigmund
  1034 | D        | Noticed Edmund
  1314 | D        | Killed Edmund
  1314 | D        | Reached skill level 25 in Stealth
  1319 | D        | Killed Sigmund
  1319 | D        | Reached skill level 27 in Stealth
  1319 | D        | Reached skill level 5 in Ice Magic
  1319 | D        | Reached XP level 10. HP: 44/44 MP: 17/27
  1375 | D        | Noticed a yaktaur captain
  1392 | D        | Reached **** piety under Dithmenos
  1514 | D        | Noticed an obsidian statue
  1588 | D        | Reached ***** piety under Dithmenos
  1594 | D        | Reached XP level 11. HP: 37/48 MP: 14/29
  1854 | D        | Reached ****** piety under Dithmenos
  2275 | D        | Learned a level 5 spell: Metabolic Englaciation
  2281 | D        | Learned a level 5 spell: Yara's Violent Unravelling
  2285 | D        | Learned a level 3 spell: Gell's Gravitas
  2290 | D        | Learned a level 4 spell: Petrify
  2309 | D        | Noticed a lindwurm
  2505 | D        | Killed a lindwurm
  2505 | D        | Reached skill level 15 in Hexes
  2512 | D        | Noticed Urug
  2514 | D        | Killed Urug
  2514 | D        | Reached skill level 15 in Spellcasting
  2518 | D        | Noticed a six-headed hydra
  2518 | D        | Noticed a five-headed hydra
  2606 | D        | Killed a six-headed hydra
  2625 | D        | Noticed a death drake
  2632 | D        | Killed a death drake
  2635 | D        | Killed a five-headed hydra
  2684 | D        | Noticed Polyphemus
  2686 | D        | Noticed a sea snake
  2686 | D        | Noticed Ilsuiw
  2686 | D        | Found Kiewkilu's Book Emporium.
  2687 | D        | Killed Polyphemus
  2687 | D        | Reached XP level 12. HP: 52/52 MP: 27/33
  2695 | D        | Found Ephoed's Antique Armour Shop.
  2696 | D        | Found Wiorr's Distillery.
  2697 | D        | Noticed a merfolk javelineer
  2699 | D        | Killed a merfolk javelineer
  2699 | D        | Reached skill level 10 in Ice Magic
  2703 | D        | Killed Ilsuiw
  2771 | D        | Got a barnacled rune of Zot
  2828 | D        | Found a blossoming altar of Fedhas.
  3080 | D        | Reached skill level 5 in Invocations
  3358 | D        | Noticed Rupert
  3361 | D        | Killed Rupert
  3371 | D        | Noticed an azure jelly
  3371 | D        | Noticed an azure jelly
  3371 | D        | Noticed an azure jelly
  3371 | D        | Noticed an azure jelly
  3373 | D        | Noticed a dire elephant
  3373 | D        | Noticed a dire elephant
  3373 | D        | Noticed Gastronok
  3381 | D        | Killed Gastronok
  3389 | D        | Killed a dire elephant
  3424 | D        | Noticed a death yak
  3424 | D        | Noticed a death yak
  3428 | D        | Killed a death yak
  3429 | D        | Noticed a death yak
  3429 | D        | Noticed a death yak
  3430 | D        | Killed a death yak
  3430 | D        | Reached XP level 13. HP: 29/56 MP: 18/36
  4136 | D        | Killed a dire elephant
  4474 | D        | Found Osiameh's Gadget Shoppe.
  4474 | D        | Found Nyxt's Distillery.
  4474 | D        | Found Uclat's Antique Armour Emporium.
  4882 | D        | Killed an azure jelly
  4886 | D        | Noticed an acid blob
  5112 | D        | Slain by an azure jelly

Vault maps used:
D:        dungeon_sprint_mu

Skill      XL: |  1  2  3  4  5  6  7  8  9 10 11 12 13 |
---------------+----------------------------------------+-----
Stealth        | 8 10 13 18 20 22 27 | 27.0
Spellcasting   | 3 6 7 9 12 13 16 18 20 | 20.0
Hexes          | 4 8 9 10 12 13 16 19 20 | 20.2
Ice Magic      | 1 2 3 5 6 9 11 12 | 12.7
Invocations    | 2 3 6 7 |  7.1
Fighting       | |  0.8
Short Blades   | |  1.1
Dodging        | |  3.0

Action                   |  1- 3 |  4- 6 |  7- 9 | 10-12 | 13-15 || total
-------------------------+-------+-------+-------+-------+-------++-------
Melee: Dagger            |    17 |     1 |    24 |   139 |    42 ||   223
 Cast: Ensorcelled Hiber |     6 |       |    11 |    73 |    35 ||   125
       Confuse           |       |       |     7 |     1 |     3 ||    11
       Gell's Gravitas   |       |       |       |       |     1 ||     1
Invok: Shadow Step       |       |       |     2 |    13 |     7 ||    22
  Use: Potion            |     1 |       |       |       |     3 ||     4
       Scroll            |       |       |     1 |       |     3 ||     4
 Stab: Sleeping          |     6 |     1 |    16 |    73 |    14 ||   110
       Confused          |       |       |     2 |     1 |       ||     3
       Distracted        |       |       |       |     1 |       ||     1
  Eat: Ration            |       |       |       |     1 |     1 ||     2
Armor: Robe              |       |       |       |     3 |     9 ||    12
Dodge: Dodged            |     7 |       |    11 |    80 |    32 ||   130

Table legend:
 A = Spawn XP
 B = Non-spawn XP
 C = Spawn XP percentage of total XP
 D = Spawn monster count
 E = Non-spawn monster count
 F = Spawn count percentage of total count
 G = Total turns spent on level
                    A         B        C        D         E        F      G
               +---------+---------+-------+---------+---------+-------+---------
         Total |       0 |   47282 |   0.0 |       0 |     115 |   0.0 |  5112
               +---------+---------+-------+---------+---------+-------+---------
             D |       0 |   47282 |   0.0 |       0 |     115 |   0.0 |  5112
               +---------+---------+-------+---------+---------+-------+---------
